[Event "Late-Titled-Tuesday-Blitz-April-16-2024"]
[Site "Chess.com"]
[Date "2024.04.16"]
[Round "1"]
[White "Sanan_Sjugirov"]
[Black "SultaiC"]
[Result "1-0"]
[WhiteElo "3030"]
[BlackElo "2522"]
[TimeControl "180+1"]
[EndTime "14:06:24 PDT"]
[Termination "Sanan_Sjugirov won by checkmate"]

1. e4 c5 2. Nf3 d6 3. d4 cxd4 4. Nxd4 Nf6 5. Nc3 a6 6. Be3 e6 7. Be2 Be7 8. g4 O-O 9. g5 Nfd7 10. h4 Nc6 11. Qd2 Nc5 12. O-O-O Nxd4 13. Bxd4 Qc7 14. h5 b5 15. a3 Bb7 16. f3 d5 17.
exd5 Bxd5 18. Kb1 Rad8 19. Qe3 Bc4 20. Bxc4 bxc4 21. g6 f6 22. Bxc5 Bxc5 23. Qxe6+ Kh8 24. Rxd8 Rxd8 25. h6 hxg6 26. Ne4 Bd4 27. c3 Be5 28.
hxg7+ Kxg7 29. Qh3 Rd7 30. Qh7+ Kf8 31. Qxg6 Ke7 32.
Rh7+ Ke6 33. Qe8+ Re7 34. Qg8+ Kf5 35. Qg4# 1-0

[Event "Late-Titled-Tuesday-Blitz-April-16-2024"]
[Site "Chess.com"]
[Date "2024.04.16"]
[Round "1"]
[White "GWR2024"]
[Black "laziestwin"]
[Result "0-1"]
[WhiteElo "2185"]
[BlackElo "2559"]
[TimeControl "180+1"]
[EndTime "14:06:24 PDT"]
[Termination "laziestwin won by checkmate"]

1. e4 d6 2. d4 g6 3. h4 h5 4. Bc4 Bg7 5. Nf3 Nf6 6. Ng5 O-O 7. Nc3 c6 8. Bb3 d5 9. Be3 dxe4 10. Ncxe4 Nbd7 11. Nxf7 Rxf7 12. Ng5 Nd5 13. Nxf7 Kxf7 14. Qf3+ Nf6 15.
O-O-O Bg4 16. Qg3 Bxd1 17. Rxd1 Qd6 18. Qh3 e6 19. c4 Nxe3 20. fxe3 c5 21. Rf1 cxd4 22.
c5 Qxc5+ 23. Kb1 Re8 24. Rc1 Qf5+ 25. Qxf5 gxf5 26. exd4 Nd5 27. Rf1 Kg6 28. Re1 Kf7 29. Bd1 Nf6 30. Bf3 b6 31. Rc1 Re7 32. Rc6 Rd7 33. a4 Ng4 34. d5 exd5 35. a5 Ne5 36.
Bxh5+ Ke7 37. Rc8 bxa5 38. Be2 d4 39. Bb5 Rb7 40. Ba4 d3 41. h5 Ng4 42. Re8+ Kf7 43.
h6 Rxb2+ 44. Kc1 d2+ 45. Kd1 Bxh6 46. Rd8 Nf2+ 47. Ke2 d1=Q# 0-1

[Event "Late-Titled-Tuesday-Blitz-April-16-2024"]
[Site "Chess.com"]
[Date "2024.04.16"]
[Round "1"]
[White "Andrei_Skvortsov"]
[Black "ArchibaldCerveza29"]
[Result "1-0"]
[WhiteElo "2644"]
[BlackElo "2345"]
[TimeControl "180+1"]
[EndTime "14:06:27 PDT"]
[Termination "Andrei_Skvortsov won by checkmate"]

1. e4 e5 2. d4 exd4 3. Qxd4 Nc6 4. Qd3 Nf6 5. Nc3 Bc5 6. Qg3 Kf8 7. Bd2 d6 8. O-O-O a6 9. Be3 Bxe3+ 10. Qxe3 h5 11. h3 h4 12. Nf3 Be6 13. Ng5 Qd7 14.
f4 Qe8 15. Bd3 Rd8 16. Rhe1 b5 17. Kb1 Rh6 18. Qf2 Kg8 19. Nf3 d5 20. exd5 b4 21. dxe6 bxc3 22. exf7+ Qxf7 23. Ng5 Qf8 24. Bc4+ Kh8 25.
Nf7+ Kh7 26. Nxd8 Nxd8 27. Qf3 Nf7 28. Qd3+ Kh8 29. Qxc3 Nd6 30. Bd3 Rh5 31. Re5 Rh6 32.
Bxa6 Qa8 33. Bf1 Rg6 34. a3 Rg3 35. Qb4 Nde4 36. Qa5 Qb7 37. Rh5+ Kg8 38. Bc4+ Kf8 39. Rh8+ Ke7 40. Qe5# 1-0

[Event "Late-Titled-Tuesday-Blitz-April-16-2024"]
[Site "Chess.com"]
[Date "2024.04.16"]
[Round "1"]
[White "FMOlexandrProhorov"]
[Black "ReadySkate"]
[Result "0-1"]
[WhiteElo "2279"]
[BlackElo "2600"]
[TimeControl "180+1"]
[EndTime "14:06:28 PDT"]
[Termination "ReadySkate won on time"]

1. d4 Nf6 2. c4 g6 3. Nc3 d5 4. cxd5 Nxd5 5. Na4 Bg7 6. e4 Nb6 7. Nf3 O-O 8. Be3 Bg4 9. Be2 Nc6 10. Nc5 Bxf3 11.
gxf3 Nxd4 12. Nxb7 Qc8 13. Bxd4 Qxb7 14. Bxg7 Kxg7 15. h4 h5 16. Rc1 Rac8 17. Qc2 c5 18.
Kf1 e5 19. Qc3 Qe7 20. b3 Rfd8 21. Ba6 Rc7 22. Kg2 Rd4 23. Rc2 Nd7 24. Bc4 Nf8 25. Rcc1 g5 26. Qe3 gxh4 27. Kh2 Ng6 28. Rhg1 Qf6 29.
Rg5 Kf8 30. Rf5 Qg7 31. Rg1 Rd6 32. Qc3 Rf6 33. Qa5 Rb6 34. Rxh5 h3 35. Rxh3 Qf6 36. Rhg3 Qh4+ 37. Kg2 Qd8 38. Qd2 Qxd2 0-1

[Event "Late-Titled-Tuesday-Blitz-April-16-2024"]
[Site "Chess.com"]
[Date "2024.04.16"]
[Round "1"]
[White "FMYiLiu"]
[Black "temus_galaktionov"]
[Result "0-1"]
[WhiteElo "2472"]
[BlackElo "2864"]
[TimeControl "180+1"]
[EndTime "14:06:29 PDT"]
[Termination "temus_galaktionov won by resignation"]

1. d4 c6 2. e4 d6 3. c4 g6 4. Nc3 Bg7 5. Nf3 Nd7 6. Be2 e5 7. Be3 Ngf6 8. O-O Qe7 9. d5 c5 10. Nd2 O-O 11. a3 Ne8 12. Qc2 f5 13. exf5 gxf5 14.
f4 e4 15. b4 Bd4 16. Bxd4 cxd4 17. Nb5 d3 18. Bxd3 exd3 19. Qxd3 Ndf6 20. Rae1 Qf7 21.
Nd4 Qh5 22. Re3 Ng7 23. Rfe1 Bd7 24. Ne6 Rfe8 25. Nf3 Bxe6 26. dxe6 Ne4 27. Qd5 Nxe6 28. Nd4 Nf6 29. Qxd6 Nxd4 30. Qxd4 Ne4 31. Qd5+ Qf7 32. Qxf7+ Kxf7 33. g4 Rg8 34. h3 h5 35. g5 Rgd8 36.
Kg2 Rd4 37. c5 Rad8 38. R3e2 Rd3 0-1

[Event "Late-Titled-Tuesday-Blitz-April-16-2024"]
[Site "Chess.com"]
[Date "2024.04.16"]
[Round "1"]
[White "GoltsevDmitry2000"]
[Black "Veleamater"]
[Result "1-0"]
[WhiteElo "2780"]
[BlackElo "2429"]
[TimeControl "180+1"]
[EndTime "14:06:29 PDT"]
[Termination "GoltsevDmitry2000 won on time"]

1. e4 d6 2. d4 g6 3. h4 Bg7 4. h5 gxh5 5. c3 Nf6 6. Bd3 h6 7. Nf3 Nc6 8. Bf4 Bg4 9. Qb3 Rb8 10.
Nbd2 a6 11. Nh4 e5 12. Be3 Ne7 13. f3 Be6 14. d5 Bd7 15. Ba7 Ra8 16. Qxb7 O-O 17.
Be3 Ng6 18. g3 Rb8 19. Qxa6 Rxb2 20. Qa3 Rb8 21. Qc1 Ra8 22. Nb3 Ba4 23. Kf2 c6 24. Bxh6 Nh7 25. Bxg7 Kxg7 26. Nf5+ Kh8 27. Qh6 Qf6 28.
Rxh5 1-0

[Event "Late-Titled-Tuesday-Blitz-April-16-2024"]
[Site "Chess.com"]
[Date "2024.04.16"]
[Round "1"]
[White "Agustin_Meza"]
[Black "DeArron_Fox"]
[Result "0-1"]
[WhiteElo "2199"]
[BlackElo "2562"]
[TimeControl "180+1"]
[EndTime "14:06:29 PDT"]
[Termination "DeArron_Fox won by checkmate"]

1. e4 c5 2. Nf3 e6 3. d4 cxd4 4. Nxd4 a6 5. Nc3 b5 6. a3 Bb7 7. Bd3 Nc6 8. Nf3 Nf6 9. O-O Qc7 10. Re1 Bc5 11. Be3 Bxe3 12. Rxe3 Ng4 13. Re1 O-O 14.
h3 Nge5 15. Nxe5 Nxe5 16. f4 Nc4 17. Bxc4 bxc4 18. Qd2 Rab8 19. b4 cxb3 20. cxb3 Qb6+ 21. Kh1 Qxb3 22. Reb1 Qc4 23. Rb4 Qc7 24. Rab1 Bc6 25. Ne2 Bxe4 26. Rxb8 Rxb8 27. Rxb8+ Qxb8 28. Qxd7 h6 29. Qd4 Qb1+ 30. Kh2 Qc2 31. Qe3 Bd5 32. Ng3 Qxg2# 0-1

[Event "Late-Titled-Tuesday-Blitz-April-16-2024"]
[Site "Chess.com"]
[Date "2024.04.16"]
[Round "1"]
[White "kleinebeer98"]
[Black "ChadBiryani"]
[Result "1-0"]
[WhiteElo "2873"]
[BlackElo "2474"]
[TimeControl "180+1"]
[EndTime "14:06:31 PDT"]
[Termination "kleinebeer98 won by checkmate"]

1. e4 d6 2. d4 Nf6 3. Nc3 e5 4. Nf3 Nbd7 5. g4 Nxg4 6. Rg1 exd4 7. Qxd4 Nge5 8. Nxe5 Nxe5 9. Be2 Bd7 10. Be3 Be7 11. Nd5 Bf6 12. O-O-O Bc6 13. f4 Ng6 14. Nxf6+ Qxf6 15. e5 dxe5 16. fxe5 Qe7 17. Qc3 h6 18. e6 O-O 19.
exf7+ Kh7 20. Rxg6 Kxg6 21. Rg1+ Kf5 22. Bg4+ Ke4 23. Qd4# 1-0

[Event "Late-Titled-Tuesday-Blitz-April-16-2024"]
[Site "Chess.com"]
[Date "2024.04.16"]
[Round "1"]
[White "LyonBeast"]
[Black "DirtyKabab"]
[Result "1-0"]
[WhiteElo "3128"]
[BlackElo "2532"]
[TimeControl "180+1"]
[EndTime "14:06:34 PDT"]
[Termination "LyonBeast won on time"]

1. Nf3 d5 2. c4 d4 3. b4 g6 4. Bb2 Bg7 5. g3 Nh6 6. Bg2 O-O 7. O-O Nf5 8. d3 e5 9. Nbd2 Re8 10. a4 a5 11. b5 Nd7 12. Nb3 Bf8 13. Nfd2 Nc5 14. Nxc5 Bxc5 15. Ne4 Bb4 16. Qc1 Kg7 17. Ba3 Bxa3 18. Qxa3 Qe7 19. Rfb1 Qxa3 20. Rxa3 Nd6 21. Nd2 Rb8 22. c5 Nf5 23. b6 c6 24. Nc4 Ra8 25.
Re1 f6 26. g4 Nh4 27. Nd6 Rd8 28. e3 dxe3 29. Rxe3 Nxg2 30. Kxg2 Rxd6 31. cxd6 Bxg4 32. d4 Rd8 33. dxe5 fxe5 34. Rxe5 Kf6 35. Re7 Rd7 36.
Rxd7 Bxd7 37. Re3 Be6 38. f4 c5 39. Re5 c4 40. Kf2 h6 41. Rxa5 g5 42. fxg5+ hxg5 43. Rc5 1-0

[Event "Late-Titled-Tuesday-Blitz-April-16-2024"]
[Site "Chess.com"]
[Date "2024.04.16"]
[Round "1"]
[White "CrushingKings"]
[Black "PawnEatingZombie"]
[Result "1-0"]
[WhiteElo "2584"]
[BlackElo "2240"]
[TimeControl "180+1"]
[EndTime "14:06:34 PDT"]
[Termination "CrushingKings won on time"]

1. Nf3 Nf6 2. g3 g6 3. b3 Bg7 4. Bb2 O-O 5. Bg2 c5 6. c4 Nc6 7. O-O d6 8. d4 cxd4 9. Nxd4 Bd7 10. Nc2 a6 11. Nc3 Rb8 12. Ne3 b5 13. cxb5 axb5 14.
Qd2 Re8 15. Ncd5 Nxd5 16. Nxd5 Bxb2 17. Qxb2 Qa5 18. Rac1 Rbc8 19. Rfd1 Qa7 20. h3 b4 21. Rc4 Rb8 22. Nf6+ exf6 23. Bxc6 Bxc6 24. Rxc6 Re6 25. Rdxd6 Rxd6 26. Rxd6 Re8 27. Rxf6 Qe7 28. Rf4 Qxe2 29.
Qf6 Qd1+ 30. Kg2 Qd5+ 31. Kh2 Re1 32. Rf3 h5 33. h4 1-0

[Event "Late-Titled-Tuesday-Blitz-April-16-2024"]
[Site "Chess.com"]
[Date "2024.04.16"]
[Round "1"]
[White "MrTattaglia"]
[Black "Savagelittlemole"]
[Result "1-0"]
[WhiteElo "2953"]
[BlackElo "2501"]
[TimeControl "180+1"]
[EndTime "14:06:38 PDT"]
[Termination "MrTattaglia won by resignation"]

1. e4 c5 2. h3 g6 3. Nf3 Bg7 4. Nc3 d6 5. d4 cxd4 6. Nxd4 Nf6 7. Be3 O-O 8. Qd2 Nbd7 9. O-O-O Nc5 10. f3 a6 11. Kb1 b5 12. Nc6 Qc7 13. Nd5 Nxd5 14. exd5 Na4 15. Bd4 Bxd4 16. Qxd4 Bb7 17. h4 Bxc6 18.
dxc6 Qxc6 19. h5 Rac8 20. Bd3 e5 21. Qh4 Rc7 22. hxg6 fxg6 23. Be4 Qc5 24. Qg4 Rg7 25. Qe6+ Kh8 26. Qxd6 Rc8 27. Qf6 Qb4 28. Rxh7+ Kxh7 29.
Rh1+ Kg8 30. Bd5+ 1-0

[Event "Late-Titled-Tuesday-Blitz-April-16-2024"]
[Site "Chess.com"]
[Date "2024.04.16"]
[Round "1"]
[White "marcodobrikov"]
[Black "Mihajlovskij"]
[Result "1-0"]
[WhiteElo "2562"]
[BlackElo "2196"]
[TimeControl "180+1"]
[EndTime "14:06:38 PDT"]
[Termination "marcodobrikov won on time"]

1. e4 d5 2. Nc3 Nf6 3. e5 Ne4 4. Nce2 d4 5. d3 Nc5 6. f4 Nc6 7. Nf3 Bg4 8. Ng3 Qd5 9. Be2 e6 10. O-O h6 11. Bd2 O-O-O 12. b4 Na4 13. a3 f6 14. exf6 gxf6 15. Nh4 Bxe2 16. Qxe2 Bg7 17. Nh5 Rd7 18. Rae1 Re8 19. g4 Rde7 20. Qg2 Qd7 21. h3 Nc3 22. f5 e5 23. Ng6 Rf7 24. Nxg7 Rxg7 25. Bxh6 Rh7 26. Bd2 Nd5 27. h4 Rg8 28. h5 Nce7 29. Qe4 Qe8 30. Kg2 Qc6 31. Rf3 Qxc2 32. Re2 Qa4 33. g5 fxg5 34. f6 Nxg6 35.
Qxd5 Qe8 36. hxg6 Qxg6 37. Qxe5 Rf8 38. Qf5+ Qxf5 39. Rxf5 1-0

[Event "Late-Titled-Tuesday-Blitz-April-16-2024"]
[Site "Chess.com"]
[Date "2024.04.16"]
[Round "1"]
[White "Fandorine"]
[Black "AktilekAskarovich"]
[Result "1-0"]
[WhiteElo "2909"]
[BlackElo "2486"]
[TimeControl "180+1"]
[EndTime "14:06:39 PDT"]
[Termination "Fandorine won by resignation"]

1. e4 d6 2. d4 Nf6 3. Nc3 e5 4. Nf3 Nbd7 5. Rg1 h5 6. h3 c6 7. Be3 Be7 8. g4 hxg4 9. hxg4 Nh7 10. Qd2 Nhf8 11. O-O-O Qa5 12. Bc4 b5 13. Bb3 Qc7 14. Kb1 Rh3 15. Ng5 Bxg5 16. Bxg5 a5 17. a4 b4 18. Ne2 c5 19. dxe5 Nxe5 20. Nf4 Nf3 21. Bxf7+ Kxf7 22. Qd5+ Be6 23. Nxe6 Nxe6 24. Qf5+ Kg8 25.
Qxe6+ Qf7 26. Qxd6 Nxg5 27. Rge1 Nf3 28. Re3 Rc8 29. e5 Rh6 30. e6 Qf6 31. Qd5 Nd4 32. e7+ Qf7 33. e8=Q+ 1-0

[Event "Late-Titled-Tuesday-Blitz-April-16-2024"]
[Site "Chess.com"]
[Date "2024.04.16"]
[Round "1"]
[White "kylelancman"]
[Black "XDPS"]
[Result "1-0"]
[WhiteElo "2476"]
[BlackElo "2814"]
[TimeControl "180+1"]
[EndTime "14:06:39 PDT"]
[Termination "kylelancman won by resignation"]

1. e4 c5 2. Nf3 e6 3. c3 d5 4. exd5 Qxd5 5. d4 Nf6 6. Na3 cxd4 7. Nb5 Qd8 8. Nbxd4 a6 9. Bf4 Bd7 10. Ne5 Nc6 11.
Ndxc6 Bxc6 12. Qxd8+ Rxd8 13. Nxc6 bxc6 14. Bxa6 Nd5 15.
Bd2 Be7 16. O-O-O O-O 17. Rhe1 Ra8 18. Bc4 Rfb8 19. a3 h6 20. Kc2 Bf6 21. g3 Ra4 22. Bb3 Ra7 23. Bxd5 cxd5 24. Be3 Rab7 25. b4 Rc8 26. Bd4 Be7 27. Kb3 Rc6 28. f4 f6 29. Re2 Kf7 30. a4 g5 31. a5 gxf4 32. gxf4 Bd6 33. Rf1 Bc7 34. Ka4 Kg6 35. f5+ exf5 36.
Rg2+ Kf7 37. Rxf5 Bd8 38. Rgf2 Rd7 39. Kb5 Rc8 40. Bxf6 Rb7+ 41. Ka4 Bxf6 42. Rxf6+ Kg7 43. R6f3 Rc4 44. Rg2+ Kh7 45. Rd2 Rd7 46. Rfd3 Rg7 47. Rxd5 Rxc3 48. Rd7 1-0

[Event "Late-Titled-Tuesday-Blitz-April-16-2024"]
[Site "Chess.com"]
[Date "2024.04.16"]
[Round "1"]
[White "noblerone"]
[Black "Ramil_Faizrakhmanov"]
[Result "0-1"]
[WhiteElo "2495"]
[BlackElo "2911"]
[TimeControl "180+1"]
[EndTime "14:06:40 PDT"]
[Termination "Ramil_Faizrakhmanov won by resignation"]

1. d4 Nf6 2. Nf3 d5 3. Bg5 c5 4. e3 Nc6 5. c3 Qb6 6. Qb3 c4 7. Qxb6 axb6 8. Bxf6 gxf6 9. e4 dxe4 10. Nfd2 b5 11.
Nxe4 Bf5 12. f3 O-O-O 13. Na3 Bxe4 14. fxe4 e5 15. Nxb5 exd4 16. Bxc4 dxc3 17. Nxc3 Ne5 18. Bd5 Bb4 19. O-O-O Rd7 20. h3 h5 21. Rhf1 Rh6 22.
Kc2 Rg6 23. Rf2 Bc5 24. Re2 Rg3 25. a3 Kb8 26. Rf1 Be7 27. Rf5 Rc7 28. Rxh5 Bxa3 29. Rh8+ Ka7 30. Rh7 Bxb2 31. Kxb2 Rgxc3 32. Rh8 Nd3+ 33.
Ka2 Nc1+ 0-1

[Event "Late-Titled-Tuesday-Blitz-April-16-2024"]
[Site "Chess.com"]
[Date "2024.04.16"]
[Round "1"]
[White "IsuruAlahakoon"]
[Black "KNVB"]
[Result "0-1"]
[WhiteElo "2438"]
[BlackElo "2785"]
[TimeControl "180+1"]
[EndTime "14:06:40 PDT"]
[Termination "KNVB won by resignation"]

1. Nf3 d5 2. e3 c6 3. c4 Bg4 4. d4 e6 5. h3 Bh5 6. cxd5 exd5 7. Nc3 Nf6 8. g4 Bg6 9. Ne5 Nfd7 10. h4 Nxe5 11.
dxe5 h5 12. e6 fxe6 13. Bd3 Bxd3 14. Qxd3 Qf6 15. g5 Qf3 16. Rg1 Nd7 17. Bd2 O-O-O 18.
Rc1 Kb8 19. Ne2 Ne5 20. Qd4 Qe4 21. Kd1 Nf3 22. Qxe4 dxe4 23. Rc2 Bb4 24. Nd4 Nxg1 25. Bxb4 e5 26. Bc3 exd4 27. Bxd4 Nf3 0-1

[Event "Late-Titled-Tuesday-Blitz-April-16-2024"]
[Site "Chess.com"]
[Date "2024.04.16"]
[Round "1"]
[White "Beca95"]
[Black "db-banana"]
[Result "1-0"]
[WhiteElo "2862"]
[BlackElo "2471"]
[TimeControl "180+1"]
[EndTime "14:06:41 PDT"]
[Termination "Beca95 won on time"]

1. d4 Nf6 2. c4 c5 3. d5 e6 4. Nc3 exd5 5. cxd5 d6 6. Nf3 g6 7. e4 Bg7 8. Bg5 O-O 9. Nd2 h6 10. Bh4 Re8 11. Be2 Nbd7 12. O-O a6 13. a4 g5 14. Bg3 Ne5 15. Bxe5 Rxe5 16. Nc4 Re8 17. Qc2 Rb8 18. a5 Qe7 19. e5 dxe5 20. d6 Qd8 21. Rad1 Bd7 22.
Rfe1 Bc6 23. Bd3 Kh8 24. Bf5 e4 25. Nxe4 Nxe4 26. Bxe4 Bb5 27. Nb6 Bd4 28. d7 Bxd7 29. b4 Bg4 30. Rd2 f5 31. bxc5 fxe4 32. Qc4 e3 33. Qxd4+ Qxd4 34. Rxd4 exf2+ 35. Kxf2 Rxe1 36. Kxe1 Re8+ 37. Kf2 Re2+ 38. Kf1 Rc2 39. Rxg4 Rxc5 40. Ra4 Kg7 41. Nc4 Kf6 42. Ke2 Ke6 43. Kd3 Rd5+ 44. Ke4 Rb5 45. Ne3 Rb2 46. h3 h5 47. g4 1-0

[Event "Late-Titled-Tuesday-Blitz-April-16-2024"]
[Site "Chess.com"]
[Date "2024.04.16"]
[Round "1"]
[White "AdrianaPalao"]
[Black "guillembaches"]
[Result "0-1"]
[WhiteElo "1968"]
[BlackElo "2542"]
[TimeControl "180+1"]
[EndTime "14:06:41 PDT"]
[Termination "guillembaches won on time"]

1. d4 Nf6 2. Bf4 b6 3. f3 e6 4.
e4 d5 5. e5 Nfd7 6. c3 c5 7. Bb5 Ba6 8. Qa4 Bxb5 9. Qxb5 Be7 10.
Ne2 O-O 11. O-O Qc7 12. Nd2 Nc6 13. a3 Rfc8 14. Rac1 Na5 15. b4 Nc6 16. c4 a6 17.
Qa4 dxc4 18. d5 b5 19. Qc2 exd5 20. e6 Nde5 21. exf7+ Kxf7 22. Qf5+ Bf6 23. g4 Qd7 24. Qh5+ Kg8 25. bxc5 Nd3 26. Rcd1 Re8 27. Bd6 Rxe2 28. g5 Bd4+ 29. Kh1 Rae8 30. f4 Qf7 31. Qh3 Nf2+ 32. Rxf2 Rxf2 33. Nf3 Ree2 34. Qg3 Qe6 35. Nxd4 Re1+ 36.
Rxe1 Qxe1+ 0-1

[Event "Late-Titled-Tuesday-Blitz-April-16-2024"]
[Site "Chess.com"]
[Date "2024.04.16"]
[Round "1"]
[White "nindjaxx8"]
[Black "cedchass2006"]
[Result "0-1"]
[WhiteElo "2664"]
[BlackElo "2389"]
[TimeControl "180+1"]
[EndTime "14:06:48 PDT"]
[Termination "cedchass2006 won on time"]

1. d4 Nf6 2. c4 e6 3. Nc3 Bb4 4. Qc2 O-O 5. a3 Bxc3+ 6. Qxc3 d5 7. Bg5 dxc4 8. e3 b5 9. Nf3 Bb7 10. Be2 Nbd7 11. O-O a6 12. a4 Ne4 13. Bxd8 Nxc3 14. bxc3 Rfxd8 15. Nd2 Nb6 16. axb5 axb5 17. Rab1 Bc6 18.
Bf3 Bxf3 19. Nxf3 c6 20. Ne5 Rdc8 21. e4 Na4 22. Rfc1 f6 23. Nf3 Kf7 24. Kf1 Nb6 25. Rc2 Ra3 26. Ke1 Rca8 27. Kd2 Rb3 28. Re1 Raa3 29.
e5 f5 30. Re3 h6 31. h3 Nd5 32. g4 g6 33. gxf5 gxf5 34. Nh4 Nxe3 35. fxe3 Rb1 36. Nf3 Raa1 37. Ke2 Rh1 38. Kf2 Rxh3 39. Kg2 Rhh1 40. Rb2 Rhc1 41. Kg3 Rxc3 42. Kf4 Raa3 43. Rh2 Rxe3 44. Nh4 Rh3 45. Nxf5 Rxh2 46. Nxh6+ Rxh6 0-1

[Event "Late-Titled-Tuesday-Blitz-April-16-2024"]
[Site "Chess.com"]
[Date "2024.04.16"]
[Round "1"]
[White "HajiyevKanan"]
[Black "larsmandreassen"]
[Result "1-0"]
[WhiteElo "2608"]
[BlackElo "2293"]
[TimeControl "180+1"]
[EndTime "14:06:48 PDT"]
[Termination "HajiyevKanan won on time"]

1. d4 d5 2. Nf3 Nf6 3. c4 e6 4. Nc3 c5 5. cxd5 cxd4 6. Qa4+ Bd7 7. Qxd4 exd5 8. Bg5 Nc6 9. Qe3+ Be6 10. O-O-O Be7 11. Nd4 Nxd4 12. Qxd4 O-O 13. e3 Rc8 14. Bd3 Qa5 15.
Kb1 h6 16. Bh4 a6 17. Qa4 Qc7 18. Rc1 b5 19. Qd4 Qd7 20. e4 b4 21. Nxd5 Rxc1+ 22. Rxc1 Nxd5 23. exd5 Bxh4 24. Qxh4 Qxd5 25. Bc4 Qxg2 26.
Bxe6 fxe6 27. Qxb4 Rxf2 28. Rc8+ Kh7 29. a4 Qh1+ 30.
Ka2 Qd5+ 31. Qb3 Rxh2 32. Qxd5 exd5 33. Rc6 d4 34. Rxa6 d3 35. Rd6 d2 36. a5 Re2 37.
a6 Re7 38. Rxd2 Ra7 39. Rd6 h5 40. b4 h4 41. b5 h3 42. Rd3 1-0

[Event "Late-Titled-Tuesday-Blitz-April-16-2024"]
[Site "Chess.com"]
[Date "2024.04.16"]
[Round "1"]
[White "tptagain"]
[Black "Caracal3000"]
[Result "1-0"]
[WhiteElo "2939"]
[BlackElo "2500"]
[TimeControl "180+1"]
[EndTime "14:06:49 PDT"]
[Termination "tptagain won by resignation"]

1. d4 d5 2. Nf3 e6 3. c4 c6 4.
Nc3 dxc4 5. a4 Bb4 6. e3 b5 7. Bd2 a5 8. axb5 Bxc3 9. Bxc3 cxb5 10. b3 Bb7 11. bxc4 b4 12. Bb2 Nf6 13. Bd3 O-O 14.
O-O Nbd7 15. Nd2 Nc5 16. Bc2 Nce4 17. f3 Nxd2 18. Qxd2 Bc6 19. e4 Qb6 20. Kh1 a4 21. d5 Bd7 22. Bd4 Qb7 23. e5 Nh5 24. Qg5 g6 25.
Be4 Qa6 26. Bc5 Rfb8 27. dxe6 Bxe6 28. Bxa8 Qxc4 29. Rfc1 Qe2 30. Be4 b3 31. Bd6 b2 32.
Bxb8 bxa1=Q 33. Rxa1 Qb2 34. Rxa4 Qxb8 35. Ra8 Qxa8 36.
Bxa8 1-0

[Event "Late-Titled-Tuesday-Blitz-April-16-2024"]
[Site "Chess.com"]
[Date "2024.04.16"]
[Round "1"]
[White "Szparu"]
[Black "wild3000"]
[Result "1-0"]
[WhiteElo "2890"]
[BlackElo "2484"]
[TimeControl "180+1"]
[EndTime "14:06:50 PDT"]
[Termination "Szparu won on time"]

1. e4 c5 2. c3 e6 3. d4 d5 4. exd5 Qxd5 5. Nf3 Nf6 6. Na3 a6 7. Nc4 Qd8 8. Be3 b5 9. Nce5 cxd4 10. Bxd4 Bb7 11.
Ng5 Qd5 12. Ngxf7 Rg8 13. Ng5 Nc6 14. Ngf3 O-O-O 15. Nxc6 Qxc6 16. Qc2 Bd6 17. O-O-O Qc7 18. Be2 Be4 19. Bd3 Bf4+ 20. Kb1 Bxf3 21. gxf3 e5 22. Be3 g6 23. Be4 Nxe4 24. Qxe4 Rxd1+ 25. Rxd1 Qb7 26. Qxb7+ Kxb7 27. Rd7+ Kc6 28. Rxh7 Rf8 29. Rh3 Kd5 30. Kc2 Ke6 31. Kd3 Kf5 32. Ke2 a5 33. Rh7 a4 34. a3 Rb8 35. h3 g5 36. h4 gxh4 37.
Rxh4 Rb7 38. Rh5+ Kg6 39. Rh1 Kf5 40. Rd1 Ke6 41. Rd8 Kf5 42. Kd3 Rb6 43. Bxb6 1-0

[Event "Late-Titled-Tuesday-Blitz-April-16-2024"]
[Site "Chess.com"]
[Date "2024.04.16"]
[Round "1"]
[White "Oleg_Papayan"]
[Black "SharathRk6"]
[Result "1/2-1/2"]
[WhiteElo "2694"]
[BlackElo "2393"]
[TimeControl "180+1"]
[EndTime "14:06:50 PDT"]
[Termination "Game drawn by agreement"]

1. e4 e5 2. Nf3 Nc6 3. Bb5 a6 4. Bxc6 dxc6 5. Nc3 Nf6 6. Nxe5 Nxe4 7. Nxe4 Qd4 8. O-O Qxe5 9. Re1 Be6 10. d4 Qf5 11.
Ng5 Be7 12. Nxe6 fxe6 13. Qe2 Rd8 14. Qxe6 Qxe6 15. Rxe6 Kf7 16. Rxe7+ Kxe7 17. Bg5+ Kf7 18. Bxd8 Rxd8 19. Rd1 Ke6 20. c4 g6 21. f3 Kf5 22.
Kf2 h5 23. g3 g5 24. h3 g4 25. hxg4+ hxg4 26. b4 Rh8 27. fxg4+ Kxg4 28. Kg2 Re8 29. Kf2 Rf8+ 30. Ke3 Re8+ 31. Kd3 Kxg3 32. Rg1+ Kf4 33.
Rf1+ Kg5 34. Rf7 Rc8 35. a4 Kg6 36. Rf1 Kg7 37. Rf5 Rf8 38. Ra5 Kf7 39. b5 axb5 40. axb5 cxb5 41. cxb5 Ke6 42. Ra7 Rb8 43. Kc4 Kd6 44.
Ra2 Re8 45. Ra7 b6 46. Ra3 Re1 47. Rh3 Rc1+ 48. Kd3 Rb1 49. Rh6+ Kd7 50. Rh7+ Kc8 51. Rh8+ Kb7 52. Kc4 Rc1+ 53. Kd5 Rb1 54. Kc4 1/2-1/2

[Event "Late-Titled-Tuesday-Blitz-April-16-2024"]
[Site "Chess.com"]
[Date "2024.04.16"]
[Round "1"]
[White "giovannibrandao7"]
[Black "SCIM"]
[Result "0-1"]
[WhiteElo "2234"]
[BlackElo "2581"]
[TimeControl "180+1"]
[EndTime "14:06:51 PDT"]
[Termination "SCIM won by resignation"]

1. e4 e5 2. Nf3 Nf6 3. d4 Nxe4 4. Bd3 d5 5. Nxe5 Nd7 6. Nxd7 Bxd7 7. O-O Bd6 8. Nd2 Nxd2 9. Bxd2 O-O 10. c3 Qh4 11. f4 Rae8 12. Qc2 Re7 13. Rae1 Rfe8 14. Rxe7 Rxe7 15.
Bf5 g6 16. Bxd7 Rxd7 17. g3 Qg4 18. Qd1 Qxd1 19. Rxd1 Re7 20. Kf2 f5 21. Re1 Re4 22. Be3 Kf7 23. Kf3 Ke6 24. Rc1 Kd7 25. c4 dxc4 26. Rxc4 c6 27. a3 Bc7 28. Ke2 Bb6 29.
Kd3 Kd6 30. b4 Kd5 31. Bf2 h5 32. a4 a6 33. a5 Ba7 34. h4 Bb8 35. Rc2 Ba7 36.
Rc4 Re8 37. Rc2 Re7 38. Rc4 Re4 39. Rc2 0-1

[Event "Late-Titled-Tuesday-Blitz-April-16-2024"]
[Site "Chess.com"]
[Date "2024.04.16"]
[Round "1"]
[White "flawian2008"]
[Black "martinmena"]
[Result "1-0"]
[WhiteElo "2557"]
[BlackElo "2173"]
[TimeControl "180+1"]
[EndTime "14:06:51 PDT"]
[Termination "flawian2008 won by resignation"]

1. e4 c6 2. d4 d5 3. Nc3 dxe4 4.
Nxe4 Nd7 5. Bc4 Ngf6 6. Ng5 e6 7. N1f3 h6 8. Nh3 Nb6 9. Bb3 Bd6 10. O-O O-O 11.
Nf4 Nbd5 12. Ne5 Nd7 13. c4 Ne7 14. Re1 Qc7 15. Nfd3 Rd8 16. Qh5 Bxe5 17. Nxe5 Nxe5 18. dxe5 Ng6 19. f4 Rd3 20. Bc2 Qb6+ 21. Kh1 Qf2 22. Qe2 Qxe2 23. Rxe2 Rd4 24. Be3 Rxc4 25. Rd1 Kh7 26. Rd8 b6 27. h4 Bb7 28. Rxa8 Bxa8 29. h5 Rxc2 30. hxg6+ Kxg6 31. Rxc2 c5 32. Rd2 Bd5 33. a3 Kf5 34. Kg1 h5 35. Kf2 g6 36.
b4 c4 37. a4 c3 38. Rc2 Bb3 39. Rxc3 Bxa4 40. Rc7 a5 41. Rxf7+ Kg4 42. bxa5 bxa5 43. Rf6 Bc2 44. Rxe6 Bf5 45. Ra6 1-0

[Event "Late-Titled-Tuesday-Blitz-April-16-2024"]
[Site "Chess.com"]
[Date "2024.04.16"]
[Round "1"]
[White "dcremisi"]
[Black "RichardShtivelband"]
[Result "1/2-1/2"]
[WhiteElo "2658"]
[BlackElo "2369"]
[TimeControl "180+1"]
[EndTime "14:06:53 PDT"]
[Termination "Game drawn by repetition"]

1. d4 d5 2. c4 e6 3. Nc3 a6 4. cxd5 exd5 5. Bf4 Nf6 6. e3 Bd6 7. Bxd6 Qxd6 8. Rc1 O-O 9. Nf3 Bg4 10. Be2 Nbd7 11. O-O Rfe8 12. a3 Ne4 13. Nxe4 dxe4 14. Nd2 Bxe2 15.
Qxe2 c5 16. Nc4 Qe7 17. Rfd1 cxd4 18. Rxd4 Nf6 19. Rcd1 Red8 20. h3 Rxd4 21. Rxd4 Rd8 22. Qd2 Rxd4 23. Qxd4 h6 24. Qd6 Qe8 25. Qc7 Qb5 26. Nd6 Qxb2 27. Qxf7+ Kh7 28. Nf5 Qa1+ 29. Kh2 Qe5+ 30. Ng3 h5 31. Kg1 h4 32. Nf1 b5 33.
Qb7 a5 34. Nd2 Qa1+ 35. Kh2 Qb2 36. Nc4 Qxf2 37. Qxb5 Qg3+ 38. Kg1 Qe1+ 39. Kh2 Qg3+ 40. Kh1 Qe1+ 41. Kh2 Qg3+ 1/2-1/2